 Dungeon Crawl Stone Soup version 0.24-a0-462-ge24419a6ad (webtiles) character file.

Game seed: 16456829796831026437

30460 Craser22 the Severer (level 13, -17/117 HPs)
             Began as a Minotaur Berserker on July 1, 2019.
             Was a High Priest of Trog.
             Demolished by Sonja
             ... wielding a +0 short sword of distortion
              (22 damage)
             ... on level 4 of the Lair of Beasts.
             The game lasted 00:57:40 (16471 turns).

Craser22 the Severer (Minotaur Berserker)          Turns: 16471, Time: 00:57:41

Health: -17/117    AC: 20    Str: 22    XL:     13   Next: 20%
Magic:  12/12      EV:  8    Int:  9    God:    Trog [*****.]
Gold:   1196       SH:  0    Dex: 18    Spells: 12/12 levels left

rFire    . . .     SeeInvis .   a - +3 battleaxe
rCold    . . .     Gourm    .   (shield currently unavailable)
rNeg     . . .     Faith    .   C - +0 plate armour
rPois    .         Spirit   .   (helmet restricted)
rElec    .         Reflect  .   F - +0 cloak
rCorr    .         Harm     .   q - +0 pair of gloves {Dex+3}
MR       .....                  p - +1 pair of boots
Stlth    ..........             (no amulet)
HPRegen  0.29/turn              H - ring of stealth
MPRegen  0.13/turn              I - +5 ring of intelligence

@: lethally poisoned (-17 -> -32), berserk cooldown, slowed, very slow
A: retaliatory headbutt, horns 2
a: Berserk, Trog's Hand, Brothers in Arms, Renounce Religion


You were on level 4 of the Lair of Beasts.
You worshipped Trog.
Trog was extremely pleased with you.
You were near starving.

You visited 2 branches of the dungeon, and saw 15 of its levels.
You also visited: Sewer.

You collected 1196 gold pieces.


Innate Abilities, Weirdness & Mutations

You reflexively headbutt those who attack you in melee.
You have a pair of horns on your head.


   Skills:
 + Level 11.8 Fighting
 - Level 20.0 Axes
 + Level 11.5 Armour
 + Level 2.6 Dodging


You had 12 spell levels left.
You didn't know any spells.
Your spell library was empty.

Inventory:

Hand Weapons
 a - a +3 battleaxe (weapon)
 b - a +4 morningstar of freezing
Missiles
 h - 444 stones
 s - 5 boomerangs (quivered)
 y - a throwing net {=f}
Armour
 p - a +1 pair of boots (worn)
 q - a +0 pair of gloves of dexterity (worn)
 C - a +0 plate armour (worn)
 F - a +0 cloak (worn)
Jewellery
 e - an uncursed ring of fire
 g - an uncursed ring of fire
 H - a ring of stealth (left hand)
 I - a +5 ring of intelligence (right hand)
 L - an uncursed ring of ice
Wands
 K - a wand of digging (4)
Scrolls
 i - a scroll of immolation {unknown}
 j - 9 scrolls of teleportation {@r4}
 k - 3 scrolls of amnesia {unknown}
 o - 8 scrolls of enchant weapon {unknown}
 r - 8 scrolls of enchant armour {unknown}
 t - 2 scrolls of fog {unknown}
 u - 2 scrolls of fear {unknown}
 v - 2 scrolls of magic mapping {unknown}
 w - a scroll of torment {unknown}
 x - 4 scrolls of blinking {unknown}
 B - 14 scrolls of remove curse
 G - 2 scrolls of brand weapon {unknown}
Potions
 f - 2 potions of might
 l - 5 potions of haste {@q3}
 m - 5 potions of heal wounds {@q2}
 n - 5 potions of curing {@q1}
 z - 4 potions of flight
 D - 5 potions of lignification {!q}
 M - a potion of magic
Comestibles
 c - 26 rations

Dungeon Overview and Level Annotations

Branches:
Dungeon (11/15)            Temple (0/1) D:5            Lair (4/6) D:11
 Shoals (0/4) Lair:3        Snake (0/4) Lair:4
    Orc: D:9-12

Altars:
Ashenzari
Cheibriados
Dithmenos
Elyvilon
Fedhas
Gozag
Kikubaaqudgha
Nemelex Xobeh
Okawaru
Qazlal
Wu Jian
Zin
The Shining One

Shops:
D:5 ((   D:8 *

Annotations:
D:11 exclusion: 2 oklob plants
Lair:4 Sonja

▒▒.▒.▒.▒▒▒▒..▒▒▒....▒▒ ▒f..▒.▒▒
▒▒...▒.....▒ ▒▒▒ ▒▒▒.▒.▒▒▒▒
▒.▒[▒.(...▒▒▒▒▒.▒
▒▒▒▒▒▒..▒▒▒▒.▒▒▒.........▒.▒....
▒▒.P▒▒...▒▒▒▒..▒..▒(▒......▒.....
▒........▒▒......................
▒....................▒...........
....f▒▒.▒▒..▒..▒K................
▒...▒▒▒▒▒▒.▒▒▒▒▒H▒........▒......
....▒ ▒.f▒....<...............
....▒▒▒▒▒▒.▒▒▒...................
▒....▒P▒▒...▒...............▒▒.▒.
▒........▒).......P.≈.≈.≈...▒▒...
▒....▒▒▒...)▒.▒▒▒.≈≈≈≈≈≈≈≈≈.▒▒▒..
.....▒ ▒▒..▒▒▒▒▒▒.≈≈≈≈≈≈≈≈≈...!..
▒...▒▒ ▒▒▒..▒ P.≈≈≈≈≈≈≈≈≈.▒▒..▒
.▒.▒▒▒▒▒≈..▒▒▒▒▒▒≈≈≈≈≈≈≈≈≈≈≈.....


You could see Sonja.


Message History

You are more poisoned.
You have difficulty breathing.
* * * LOW HITPOINT WARNING * * *
You feel as though you will be slow longer.
You see here a curare-tipped dart {=f}.
You feel very sick.
You feel very sick.
Sonja gestures wildly while chanting.
Sonja blinks!
You feel very sick.
Sonja throws a curare-tipped dart.
The curare-tipped dart hits you.
You are lethally poisoned!
You have difficulty breathing.
* * * LOW HITPOINT WARNING * * *
You feel as though you will be slow longer.
You see here a curare-tipped dart {=f}.
* * * LOW HITPOINT WARNING * * *
You feel very sick.
* * * LOW HITPOINT WARNING * * *
You feel very sick.
* * * LOW HITPOINT WARNING * * *
You feel very sick.
* * * LOW HITPOINT WARNING * * *
You feel sick. Sonja barely misses you.
Sonja hits you with a +0 short sword of distortion.
* * * LOW HITPOINT WARNING * * *
Space warps horribly around you!!
You die...

Action                   |  1- 3 |  4- 6 |  7- 9 | 10-12 | 13-15 || total
-------------------------+-------+-------+-------+-------+-------++-------
Melee: Hand axe          |    84 |    81 |   385 |    35 |       ||   585
       Headbutt          |    12 |    11 |    81 |   169 |    16 ||   289
       War axe           |       |       |       |   449 |       ||   449
       Battleaxe         |       |       |       |   241 |    99 ||   340
       Morningstar       |       |       |       |     5 |       ||     5
Throw: Boomerang         |       |       |       |     5 |       ||     5
Invok: Berserk           |       |     2 |     7 |    11 |     1 ||    21
  Use: Scroll            |       |     3 |     4 |     7 |     2 ||    16
       Potion            |       |       |       |     7 |     1 ||     8
  Eat: Chunk             |       |     4 |    19 |    30 |     1 ||    54
       Ration            |       |     1 |       |     2 |     1 ||     4
Armor: Chain mail        |    47 |    70 |    48 |       |       ||   165
       Animal skin       |     6 |       |       |       |       ||     6
       Plate armour      |       |       |   143 |   504 |    49 ||   696
Dodge: Dodged            |    33 |    52 |   101 |   274 |    24 ||   484

Levels and vault maps discovered:
D:1:      scummos_arrival_simple_fountains, layout_rooms
D:2:      layout_basic
D:3:      cheibrodos_old_hovel, layout_loops_cross, grunt_qazlal_sundering,
          cheibriados_altar_1, cheibrodos_ashenzari_chains,
          cheibrodos_sewer_entry_sluice, corner_web_ring, minmay_hedge_maze,
          st_stairs_12
D:4:      layout_cave_pools, nemelex_xobeh_ov_fountains_minmay,
          old_standard_altar, minmay_bent, uniq_pikel
D:5:      layout_loops_ring, tso_oasis_becter, overflow_temple_1_default,
          kennysheep_mini, minmay_temple_entry_glassed_door, first_ration,
          serial_shops, nicolae_shop_trees, shop, kennysheep_generic_room_8
D:6:      minmay_general_purpose_star, layout_rooms, lemuel_doored_altar,
          nicolae_overflow_crystal_walls
D:7:      layout_gridville, old_standard_altar, uniq_menkaure
D:8:      layout_cave_pools, minmay_shop_damaged, kennysheep_cross_room,
          david_nohive_1
D:9:      layout_loops_ring, lemuel_zombie_altar_kikubaaqudgha,
          kennysheep_little_box
D:10:     old_forge, layout_rooms, tso_metal_star
D:11:     regret_index_harrowing_hell_hive, layout_cave_pools, lair_entry_dummy,
          uniq_josephine, uniq_fannar
Lair:1:   layout_hall_layers, gauntlet_entry_generic,
          chequers_serial_rivers_micro_d, fungi_pond_lemuel, lemuel_fruit_tree
Lair:2:   layout_chaotic_city
Lair:3:   layout_chaotic_city, elwin_shoals_entry_rocks
Lair:4:   layout_loops_ring, guppyfry_snake_entry_island,
          infiniplex_staircase_pool_2, uniq_sonja

Notes
Turn   | Place    | Note
-------+----------+-------------------------------------------
     0 | D:1      | Craser22 the Minotaur Berserker began the quest for the
                  | Orb.
     0 | D:1      | Reached XP level 1. HP: 19/19 MP: 0/0
    22 | D:1      | Reached skill level 4 in Axes
   164 | D:1      | Reached XP level 2. HP: 26/26 MP: 1/1
   606 | D:2      | Reached skill level 5 in Axes
   654 | D:2      | Reached ** piety under Trog
   658 | D:2      | Reached XP level 3. HP: 30/31 MP: 2/2
   872 | D:2      | Reached skill level 6 in Axes
   872 | D:2      | Reached XP level 4. HP: 20/39 MP: 3/3
  1495 | D:3      | Reached skill level 7 in Axes
  1495 | D:3      | Reached XP level 5. HP: 21/45 MP: 4/4
  1560 | D:3      | Found a glowing drain.
  1596 | Sewer    | Entered a sewer
  1714 | Sewer    | Noticed Purgy
  1733 | Sewer    | Killed Purgy
  1733 | Sewer    | Reached skill level 8 in Axes
  1892 | D:3      | Found a snail-covered altar of Cheibriados.
  2065 | D:3      | Found a stormy altar of Qazlal.
  2120 | D:3      | Reached XP level 6. HP: 21/51 MP: 5/5
  2334 | D:3      | Found a shattered altar of Ashenzari.
  2570 | D:4      | Found a sparkling altar of Nemelex Xobeh.
  2570 | D:4      | Noticed Pikel
  2570 | D:4      | Noticed a slave
  2570 | D:4      | Noticed a slave
  2570 | D:4      | Noticed a slave
  2570 | D:4      | Noticed a slave
  2577 | D:4      | Killed Pikel
  2577 | D:4      | Reached skill level 10 in Axes
  2577 | D:4      | Reached XP level 7. HP: 36/57 MP: 6/6
  2798 | D:4      | Reached *** piety under Trog
  3294 | D:4      | Found a white marble altar of Elyvilon.
  3404 | D:5      | Entered Level 5 of the Dungeon
  3415 | D:5      | Found Biodicw's Weapon Emporium.
  3530 | D:5      | Reached skill level 11 in Axes
  3572 | D:5      | Found a staircase to the Ecumenical Temple.
  3612 | D:5      | Reached XP level 8. HP: 30/64 MP: 7/7
  4050 | D:5      | Reached skill level 12 in Axes
  4265 | D:5      | Found Fycved's Weapon Emporium.
  4358 | D:5      | Found a shadowy altar of Dithmenos.
  4427 | D:5      | Found a glowing silver altar of Zin.
  4452 | D:5      | Found a glowing golden altar of the Shining One.
  4632 | D:6      | Reached skill level 13 in Axes
  4655 | D:6      | Reached **** piety under Trog
  4725 | D:6      | Reached XP level 9. HP: 25/70 MP: 8/8
  4809 | D:6      | Reached skill level 14 in Axes
  5002 | D:6      | Found an iron altar of Okawaru.
  5062 | D:6      | Reached skill level 4 in Fighting
  5062 | D:6      | Reached skill level 3 in Armour
  5088 | D:6      | Found a blossoming altar of Fedhas.
  5615 | D:7      | Reached skill level 4 in Armour
  5743 | D:7      | Reached skill level 5 in Fighting
  5978 | D:7      | Reached skill level 5 in Armour
  6039 | D:7      | Noticed Menkaure
  6043 | D:7      | Killed Menkaure
  6043 | D:7      | Reached skill level 6 in Fighting
  6256 | D:7      | Reached skill level 6 in Armour
  6411 | D:7      | Found an ornate altar of the Wu Jian Council.
  6480 | D:7      | Reached skill level 7 in Fighting
  6695 | D:7      | Reached skill level 7 in Armour
  6823 | D:7      | Reached XP level 10. HP: 88/88 MP: 9/9
  7078 | D:7      | Reached ***** piety under Trog
  7089 | D:7      | Reached skill level 8 in Fighting
  7389 | D:8      | Found Titufum's Lightly-Used Armoury.
  7637 | D:8      | Received a gift from Trog
  7662 | D:8      | Reached skill level 15 in Axes
  8413 | D:9      | Noticed a two-headed ogre
  8418 | D:9      | Killed a two-headed ogre
  8499 | D:9      | Reached skill level 16 in Axes
  8562 | D:9      | Reached skill level 8 in Armour
  8736 | D:9      | Killed an unseen horror
  8736 | D:9      | Reached skill level 9 in Fighting
  8738 | D:9      | Reached XP level 11. HP: 41/96 MP: 10/10
  9012 | D:9      | Found an opulent altar of Gozag.
  9220 | D:9      | Found an ancient bone altar of Kikubaaqudgha.
  9345 | D:10     | Entered Level 10 of the Dungeon
  9652 | D:10     | Noticed a two-headed ogre
  9663 | D:10     | Killed a two-headed ogre
  9663 | D:10     | Reached skill level 9 in Armour
  9805 | D:10     | Reached skill level 10 in Fighting
 10010 | D:10     | Found a glowing golden altar of the Shining One.
 10172 | D:11     | Reached skill level 10 in Armour
 10201 | D:11     | Noticed a brown ugly thing
 10225 | D:11     | HP: 10/100 [brown ugly thing (11)]
 10225 | D:11     | HP: 3/100 [acid (7)]
 10549 | D:11     | Killed a brown ugly thing
 10549 | D:11     | Reached skill level 11 in Fighting
 10600 | D:11     | Found a staircase to the Lair.
 10633 | D:11     | Reached skill level 11 in Armour
 10998 | D:10     | Reached ****** piety under Trog
 11034 | D:11     | Received a gift from Trog
 11400 | D:11     | Reached XP level 12. HP: 111/111 MP: 11/11
 11538 | D:11     | Identified a +2 robe of resistance
 11538 | D:11     | Noticed Josephine
 11555 | D:11     | Killed Josephine
 11563 | D:11     | Reached skill level 17 in Axes
 11610 | D:11     | Noticed Fannar
 11621 | D:11     | Killed Fannar
 12295 | Lair:1   | Entered Level 1 of the Lair of Beasts
 12474 | Lair:1   | Noticed a five-headed hydra
 12485 | Lair:1   | Killed a five-headed hydra
 12510 | Lair:1   | Reached skill level 18 in Axes
 12763 | Lair:1   | Found a gate leading to a gauntlet.
 13917 | Lair:2   | Reached skill level 19 in Axes
 14475 | Lair:2   | Identified a potion of resistance
 14734 | Lair:3   | Noticed a catoblepas
 14744 | Lair:3   | Killed a catoblepas
 14744 | Lair:3   | Reached XP level 13. HP: 84/117 MP: 12/12
 14905 | Lair:3   | Found a staircase to the Shoals.
 15855 | Lair:4   | Reached skill level 20 in Axes
 16183 | Lair:4   | Found a staircase to the Snake Pit.
 16443 | Lair:4   | Noticed Sonja
 16470 | Lair:4   | HP: 8/117 [poisoned by Sonja (curare-tipped dart)]
 16471 | Lair:4   | Demolished by Sonja

Vanquished Creatures
  Josephine (D:11)
  Fannar (D:11)
  A catoblepas (Lair:3)
  A hydra (Lair:1)
  2 two-headed ogres
  An unseen horror (D:9)
  Pikel (D:4)
  An ugly thing (D:11)
  6 elephants (Lair:2)
  A cyclops (D:11)
  4 spiny frogs
  4 komodo dragons
  A kobold demonologist (D:11)
  2 trolls (D:11)
  2 queen bees
  8 blink frogs
  13 hippogriffs
  19 yaks
  3 wraiths (D:11)
  A shadow (D:11)
  A steam dragon (D:11)
  Menkaure (D:7)
  3 nagas (Lair:4)
  12 water moccasins
  6 porcupines
  3 sky beasts
  7 ice beasts
  Purgy (Sewer)
  3 orc warriors
  3 phantoms
  4 necrophages
  A black bear (D:5)
  6 ogres
  4 wolves (Lair:4)
  4 centaurs
  5 crocodiles
  4 big kobolds
  14 bullfrogs
  A gnoll sergeant (D:9)
  A water moccasin zombie (D:6)
  9 scorpions
  54 killer bees
  5 wights
  2 howler monkeys
  A centaur zombie (D:10)
  4 bullfrog zombies
  5 crimson imps
  2 jellies
  A quasit (D:7)
  2 bullfrog skeletons
  8 orc wizards
  6 orc priests
  2 centaur skeletons
  6 hounds
  3 iguanas
  5 worker ants
  A hound skeleton (D:9)
  A worker ant zombie (D:11)
  6 gnolls
  A river rat (D:3)
  20 adders
  2 shadow imps (D:5)
  An ooze (D:5)
  3 adder skeletons
  2 worms (D:2)
  3 dart slugs
  6 leopard geckos
  29 orcs
  2 ball pythons
  5 giant cockroaches
  8 goblins
  9 hobgoblins
  13 jackals
  3 quokkas
  23 bats
  4 frilled lizards
  A jackal skeleton (D:5)
  13 kobolds
  A quokka zombie (D:8)
  2 rats (D:1)
  A rat zombie (D:9)
  5 fungi
437 creatures vanquished.

Vanquished Creatures (others)
  An orc (D:4)
  A giant cockroach (D:4)
  2 fungi
  4 plants
8 creatures vanquished.

Grand Total: 445 creatures vanquished
